 Dungeon Crawl Stone Soup version 0.23.2-1-ga50397a (webtiles) character file.

Game seed: 5183290431544261003

28095 troglodite the Protected (level 13, -54/104 HPs)
             Began as a Demonspawn Berserker on May 1, 2019.
             Was a High Priest of Trog.
             Killed from afar by Jorgrun (66 damage)
             ... with an iron shot
             ... on level 13 of the Dungeon.
             The game lasted 00:44:10 (15671 turns).

troglodite the Protected (Demonspawn Berserker)    Turns: 15671, Time: 00:44:11

Health: -54/104    AC: 17    Str: 17    XL:     13   Next: 7%
Magic:  13/13      EV: 12    Int:  8    God:    Trog [*****.]
Gold:   761        SH: 15    Dex: 19    Spells: 12/12 levels left

rFire    . . .     SeeInvis .   w - +3 falchion
rCold    + . .     Gourm    .   P - +0 large shield
rNeg     + . .     Faith    +   H - +1 scale mail {rPois}
rPois    +         Spirit   .   (no helmet)
rElec    +         Reflect  .   M - +1 cloak
rCorr    +         Harm     .   J - +0 pair of gloves
MR       .....                  C - +0 pair of boots
Stlth    +.........             s - amulet of faith
HPRegen  0.27/turn              h - ring of resist corrosion
MPRegen  0.13/turn              o - ring "Kifuewn" {rElec rPois rN+ Slay+3}

@: berserk cooldown, slowed, lightly drained, very slow
A: talons 1, icy blue scales 1, cold resistance 1, spiny 2
a: Berserk, Trog's Hand, Brothers in Arms, Renounce Religion


You were on level 13 of the Dungeon.
You worshipped Trog.
Trog was extremely pleased with you.
You were not hungry.

You visited 1 branch of the dungeon, and saw 13 of its levels.

You collected 761 gold pieces.

Inventory:

Hand Weapons
 w - a +3 falchion (weapon)
Armour
 C - a +0 pair of boots (worn)
 H - a +1 scale mail of poison resistance (worn)
 J - a +0 pair of gloves (worn)
 M - a +1 cloak (worn)
 O - a scarf of cloud immunity
 P - a +0 large shield (worn)
Jewellery
 b - an uncursed ring of poison resistance
 h - a ring of resist corrosion (left hand)
 o - the ring "Kifuewn" (right hand) {rElec rPois rN+ Slay+3}
   (You took it off an orc priest on level 11 of the Dungeon)

   [ring of positive energy]

   It affects your accuracy and damage with ranged weapons and melee attacks
   (+3).
   It insulates you from electricity.
   It protects you from poison.
   It protects you from negative energy.
 s - an amulet of faith (around neck)
 y - an uncursed amulet of the acrobat
 K - an uncursed amulet of rage {unknown}
 T - an uncursed ring of stealth
 U - an uncursed ring of stealth
Wands
 d - a wand of random effects (20)
 g - a wand of acid (8)
 A - a wand of paralysis (11)
 D - a wand of flame (19)
 S - a wand of disintegration (10)
Scrolls
 j - a scroll of fear {unknown}
 n - 8 scrolls of remove curse
 p - 3 scrolls of magic mapping
 t - 4 scrolls of blinking
 u - 3 scrolls of amnesia {unknown}
 v - 4 scrolls of teleportation
 x - 3 scrolls of enchant armour {unknown}
 B - a scroll of immolation {unknown}
 E - a scroll of random uselessness {unknown}
 F - a scroll of enchant weapon {unknown}
 Q - 3 scrolls of fog {unknown}
 R - 2 scrolls of identify
Potions
 a - a potion of lignification
 e - a potion of magic
 f - a potion of resistance
 i - 2 potions of heal wounds
 k - a potion of ambrosia
 l - 9 potions of curing
 m - a potion of berserk rage
 q - 2 potions of might
 r - 4 potions of invisibility
 z - 2 potions of agility
 G - 2 potions of mutation
 I - a potion of brilliance
 L - a potion of haste {unknown}
 N - a potion of flight
Comestibles
 c - 19 rations


   Skills:
 * Level 10.4(10.0) Fighting
 + Level 10.8(10.5) Long Blades
 * Level 11.0(10.7) Armour
 * Level 8.2(7.9) Dodging
 + Level 1.9(1.7) Stealth
 * Level 6.8(6.5) Shields
 + Level 0.7(0.5) Unarmed Combat


You had 12 spell levels left.
You didn't know any spells.
Your spell library was empty.

Dungeon Overview and Level Annotations

Branches:
Dungeon (13/15)            Temple (0/1) D:4            Lair (0/6) D:11
    Orc (0/2) D:9
 Vaults: D:13-14

Altars:
Ashenzari
Fedhas
Kikubaaqudgha
Makhleb
Ru
Sif Muna
Trog
Xom
Yredelemnul
Zin

Portals:
Trove: D:12 (give +3 ice dragon scales)

Annotations:
D:6 1 runed translucent door
D:13 Jorgrun


Innate Abilities, Weirdness & Mutations

You have sharp toenails.
You are partially covered in icy blue scales. (AC +2)
Your flesh is cold resistant. (rC+)
You are mostly covered in sharp spines.


Message History

The wraith hits you but does no damage. Jorgrun is struck by your spines.
Jorgrun hits you with an uncursed staff of earth.
Jorgrun crushes you!
You turn to flesh and can move again.
Unknown command.
Okay, then.
You eat one of the 20 rations.
That ration really hit the spot!
You block the wraith's attack. You block Jorgrun's attack. The wraith hits you!
* * * LOW HITPOINT WARNING * * *
Your ogre goes berserk!
You feel somewhat more hungry. Jorgrun is struck by your spines.
Jorgrun hits you with an uncursed staff of earth.
* * * LOW HITPOINT WARNING * * *
Jorgrun crushes you!
* * * LOW HITPOINT WARNING * * *
The wraith is struck by your spines. The wraith hits you but does no damage.
Jorgrun gestures at you while chanting. The iron shot hits you!!!
Ouch! That really hurt!
You die...

...(....# #########
........# #.......#
........# #.......###
(...?...#####.......'.##
........##..'<......#...
........#..##.......####
......W)#.###.......# #
.....Og@............# #
.......##########.'##
.......# #..# .......#
#..# #+####.# #.## ...##.#
#. #..#.# ######.
##########.#.# .......##
#............#####...##).#


You could see Jorgrun, a wraith and a friendly ogre (berserk).

Vanquished Creatures
  Kirke (D:13)
  Josephine (D:13)
  Harold (D:8)
  2 centaur warriors (D:13)
  A tengu warrior (D:13)
  Urug (D:13)
  2 skeletal warriors (D:13)
  An unseen horror (D:11)
  Pikel (D:6)
  A deep elf mage (D:13)
  A phantasmal warrior (D:13)
  A manticore (D:13)
  An ugly thing (D:11)
  The ghost of Lickle the Distorting Gargoyle, a novice GrAK of Lugonu (D:6)
  2 cyclopes
  Joseph (D:7)
  A gargoyle (D:9)
  A queen bee (D:8)
  3 trolls
  2 hornets (D:13)
  Prince Ribbit (D:6)
  4 hippogriffs
  A vampire (D:12)
  A water elemental (D:11)
  4 wraiths (D:13)
  13 yaks
  4 hungry ghosts
  4 vampire mosquitoes (D:13)
  2 wargs (D:11)
  An acid dragon (D:11)
  A water moccasin (D:9)
  Duvessa (D:6)
  An orc warrior (D:10)
  A slave (D:6)
  A necrophage (D:9)
  4 sky beasts
  A black bear (D:11)
  A phantom (D:4)
  5 ogres
  2 centaurs
  2 crocodiles
  4 big kobolds
  8 bullfrogs
  A wyvern zombie (D:13)
  3 wyvern skeletons
  3 scorpions
  Dowan (D:6)
  38 killer bees
  8 wights
  6 howler monkeys
  5 crimson imps
  3 electric eels (D:11)
  2 bullfrog zombies (D:10)
  5 hounds
  8 orc priests
  9 orc wizards
  A quasit (D:13)
  A centaur skeleton (D:4)
  A bullfrog skeleton (D:13)
  6 iguanas
  8 worker ants
  3 hound skeletons
  A worker ant zombie (D:6)
  A howler monkey skeleton (D:5)
  8 adders
  2 shadow imps
  An ooze (D:2)
  An adder zombie (D:5)
  An adder skeleton (D:5)
  6 worms
  3 dart slugs
  5 leopard geckos
  43 orcs
  A ball python (D:3)
  5 giant cockroaches
  10 goblins
  7 hobgoblins
  17 jackals
  23 kobolds
  2 quokkas
  10 bats
  6 frilled lizards
  9 rats
  A plant (D:11)
368 creatures vanquished.

Vanquished Creatures (collateral kills)
  2 death knights (D:13)
  A two-headed ogre (D:12)
  6 skeletal warriors (D:13)
  An obsidian statue (D:10)
  2 phantasmal warriors (D:13)
  A freezing wraith (D:13)
  A hippogriff (D:11)
  4 vampire mosquitoes (D:12)
  A soldier ant (shapeshifter) (D:13)
  3 orc warriors
  A black bear (D:6)
  2 bullfrogs (D:6)
  A jelly (D:11)
  A hound (D:10)
  An orc wizard (D:13)
  2 worker ants (D:13)
  4 orcs (D:13)
34 creatures vanquished.

Vanquished Creatures (others)
  2 humans (D:13)
  A plant (D:11)
3 creatures vanquished.

Grand Total: 405 creatures vanquished

Notes
Turn   | Place    | Note
-------+----------+-------------------------------------------
     0 | D:1      | troglodite the Demonspawn Berserker began the quest for the
                  | Orb.
     0 | D:1      | Reached XP level 1. HP: 18/18 MP: 1/1
   394 | D:1      | Gained mutation: You are partially covered in sharp spines.
                  | [demonic ancestry]
   394 | D:1      | Reached XP level 2. HP: 24/24 MP: 2/2
  1070 | D:1      | Gained mutation: Your flesh is cold resistant. (rC+)
                  | [demonic ancestry]
  1070 | D:1      | Reached XP level 3. HP: 28/29 MP: 3/3
  1415 | D:2      | Reached skill level 2 in Armour
  1499 | D:2      | Reached ** piety under Trog
  1780 | D:2      | Reached XP level 4. HP: 34/36 MP: 4/4
  1958 | D:2      | Found a basalt altar of Yredelemnul.
  2357 | D:3      | Found a shimmering altar of Xom.
  2491 | D:3      | Reached *** piety under Trog
  2524 | D:3      | Reached XP level 5. HP: 33/42 MP: 5/5
  2992 | D:4      | Reached skill level 3 in Armour
  3020 | D:4      | Found a staircase to the Ecumenical Temple.
  3034 | D:4      | Noticed a phantom
  3066 | D:4      | Killed a phantom
  3066 | D:4      | Gained mutation: You are partially covered in icy blue
                  | scales. (AC +2) [demonic ancestry]
  3066 | D:4      | Reached XP level 6. HP: 43/48 MP: 6/6
  3104 | D:4      | Found a shattered altar of Ashenzari.
  3349 | D:4      | Reached skill level 4 in Armour
  3556 | D:5      | Entered Level 5 of the Dungeon
  3662 | D:5      | Noticed a sky beast
  3671 | D:5      | Killed a sky beast
  3671 | D:5      | Reached XP level 7. HP: 38/55 MP: 7/7
  3725 | D:5      | Reached **** piety under Trog
  4217 | D:5      | Found a bloodstained altar of Trog.
  4474 | D:6      | Noticed Dowan
  4479 | D:6      | Found a glowing silver altar of Zin.
  4479 | D:6      | Noticed an angel
  4481 | D:6      | Noticed Duvessa
  4489 | D:6      | Killed Dowan
  4489 | D:6      | Reached skill level 5 in Long Blades
  4497 | D:6      | Killed Duvessa
  4497 | D:6      | Reached skill level 5 in Fighting
  4518 | D:6      | Reached skill level 5 in Armour
  4518 | D:6      | Reached XP level 8. HP: 8/62 MP: 8/8
  4648 | D:6      | Noticed Pikel
  4673 | D:6      | Found a runed translucent gate.
  4673 | D:6      | Found a runed translucent gate.
  4673 | D:6      | Found a runed translucent gate.
  4674 | D:6      | Noticed Lickle's ghost (novice GrAK)
  4876 | D:6      | Killed Pikel
  4927 | D:6      | Reached skill level 6 in Armour
  4938 | D:6      | Found a deep blue altar of Sif Muna.
  4967 | D:6      | Noticed Prince Ribbit
  5011 | D:6      | Killed Prince Ribbit
  5261 | D:6      | Found a runed translucent door.
  5460 | D:6      | Killed Lickle's ghost
  5460 | D:6      | Gained mutation: You have sharp toenails. [demonic
                  | ancestry]
  5460 | D:6      | Reached XP level 9. HP: 69/69 MP: 9/9
  5461 | D:6      | Reached skill level 7 in Armour
  5686 | D:7      | Reached skill level 5 in Dodging
  5887 | D:7      | Found a deep blue altar of Sif Muna.
  5940 | D:7      | Noticed Joseph
  5961 | D:7      | Killed Joseph
  6545 | D:8      | Reached skill level 8 in Armour
  6624 | D:8      | Noticed Harold
  6630 | D:8      | Noticed a queen bee
  6657 | D:8      | Killed Harold
  6657 | D:8      | Reached XP level 10. HP: 76/77 MP: 10/10
  6685 | D:8      | Found a sacrificial altar of Ru.
  7043 | D:8      | Reached skill level 9 in Armour
  7910 | D:9      | Found a staircase to the Orcish Mines.
  8085 | D:9      | Noticed a gargoyle
  8114 | D:9      | Killed a gargoyle
  8479 | D:9      | Reached skill level 1 in Stealth
  8545 | D:9      | Found a burning altar of Makhleb.
  8815 | D:9      | Found an ancient bone altar of Kikubaaqudgha.
  8816 | D:9      | Found a blossoming altar of Fedhas.
  8880 | D:10     | Entered Level 10 of the Dungeon
  8892 | D:10     | Reached ***** piety under Trog
  9005 | D:10     | Received a gift from Trog
  9202 | D:10     | Noticed an obsidian statue
  9214 | D:10     | Gained mutation: You are mostly covered in sharp spines.
                  | [demonic ancestry]
  9214 | D:10     | Reached XP level 11. HP: 85/86 MP: 11/11
  9220 | D:10     | Reached skill level 1 in Shields
  9911 | D:10     | Killed an obsidian statue
 10149 | D:11     | Received a gift from Trog
 10149 | D:11     | Identified the ring "Kifuewn" {rElec rPois rN+ Slay+3}
 10155 | D:11     | Reached skill level 10 in Armour
 10180 | D:11     | Killed an unseen horror
 10539 | D:11     | Found a staircase to the Lair.
 11139 | D:11     | Noticed a brown ugly thing
 11160 | D:11     | Killed a brown ugly thing
 12259 | D:11     | Noticed a shock serpent
 12477 | D:12     | Found a portal to a secret trove of treasure.
 13202 | D:12     | Noticed a two-headed ogre
 13207 | D:12     | Killed a two-headed ogre
 13209 | D:12     | Reached XP level 12. HP: 78/96 MP: 12/12
 13796 | D:13     | Noticed Urug
 13814 | D:13     | Killed Urug
 13939 | D:13     | Noticed a death knight
 13947 | D:13     | Killed a death knight
 14006 | D:13     | Noticed a tengu warrior
 14021 | D:13     | Killed a tengu warrior
 14124 | D:13     | Reached skill level 10 in Long Blades
 14126 | D:13     | Reached skill level 5 in Shields
 14313 | D:13     | Reached skill level 10 in Fighting
 14314 | D:13     | Noticed a death knight
 14320 | D:13     | Killed a death knight
 14530 | D:13     | Noticed a centaur warrior
 14554 | D:13     | Killed a centaur warrior
 15183 | D:13     | Noticed Kirke
 15183 | D:13     | Noticed a centaur warrior
 15204 | D:13     | Killed Kirke
 15214 | D:13     | Killed a centaur warrior
 15214 | D:13     | Reached XP level 13. HP: 25/103 MP: 13/13
 15647 | D:13     | Noticed Josephine
 15647 | D:13     | Noticed Jorgrun
 15653 | D:13     | Killed Josephine
 15653 | D:13     | Reached skill level 11 in Armour
 15671 | D:13     | Killed from afar by Jorgrun

Skill      XL: |  1  2  3  4  5  6  7  8  9 10 11 12 13 |
---------------+----------------------------------------+-----
Dodging        | 2 3 4 5 6 7 8 |  8.2
Long Blades    | 3 4 5 6 7 8 9 10 | 10.8
Armour         | 2 3 4 5 6 8 9 10 11 | 11.0
Fighting       | 4 5 6 7 9 10 | 10.4
Stealth        | 1 |  1.9
Shields        | 4 6 |  6.8
Unarmed Combat | |  0.7

Action                   |  1- 3 |  4- 6 |  7- 9 | 10-12 | 13-15 || total
-------------------------+-------+-------+-------+-------+-------++-------
Melee: Falchion          |   133 |   146 |   173 |   728 |    41 ||  1221
       Unarmed           |       |       |       |    15 |       ||    15
Invok: Berserk           |       |     3 |     7 |    24 |     1 ||    35
       Brothers in Arms  |       |       |     1 |    11 |     2 ||    14
  Use: Scroll            |       |       |       |    18 |       ||    18
  Eat: Chunk             |     3 |     9 |    13 |    37 |     1 ||    63
       Ration            |       |       |     2 |     6 |     1 ||     9
Armor: Animal skin       |    13 |       |       |       |       ||    13
       Scale mail        |    33 |    37 |    17 |   265 |    22 ||   374
       Chain mail        |       |    25 |    41 |       |       ||    66
       Plate armour      |       |       |    40 |       |       ||    40
Dodge: Dodged            |    91 |    64 |    89 |   345 |    13 ||   602
Block: Buckler           |       |       |       |    53 |       ||    53
       Large shield      |       |       |       |   214 |    27 ||   241
       Rpst.: Falchion   |    22 |    12 |    30 |    94 |     3 ||   161
